 Dungeon Crawl Stone Soup version 0.23.1 (webtiles) character file.

Game seed: 10128447028127631746

429 Borgoz the Skirmisher (level 6, -6/52 HPs)
             Began as a Ghoul Monk on Mar 18, 2019.
             Mangled by Pikel
             ... wielding a +1 whip of electrocution
              (20 damage)
             ... on level 4 of the Dungeon.
             The game lasted 00:06:58 (2991 turns).

Borgoz the Skirmisher (Ghoul Monk)                  Turns: 2991, Time: 00:06:58

Health: -6/52      AC:  9    Str: 15    XL:     6   Next: 98%
Magic:  5/5        EV: 12    Int:  5    God:
Gold:   36         SH:  0    Dex: 13    Spells: 5/5 levels left

rFire    . . .     SeeInvis .   a - +0 dagger (elec)
rCold    + . .     Gourm    .   (no shield)
rNeg     + + +     Faith    .   q - +0 ring mail
rPois    ∞         Spirit   .   (no helmet)
rElec    .         Reflect  .   g - +0 cloak
rCorr    .         Harm     .   e - +0 pair of gloves
MR       .....                  j - +0 pair of boots
Stlth    ++........             (no amulet)
HPRegen  0.00/turn              (no ring)
MPRegen  0.09/turn              (no ring)

@: rotting
A: rotting body, claws 1, carnivore, cold resistance 1, negative energy
resistance 3, inhibited regeneration, torment resistance, unbreathing
a: no special abilities


You were on level 4 of the Dungeon.
You were not hungry.

You visited 1 branch of the dungeon, and saw 4 of its levels.

You collected 36 gold pieces.

Inventory:

Hand Weapons
 a - a +0 dagger of electrocution (weapon)
Armour
 e - a +0 pair of gloves (worn)
 g - a +0 cloak (worn)
 j - a +0 pair of boots (worn)
 q - a +0 ring mail (worn)
Scrolls
 b - 2 scrolls of random uselessness {unknown}
 h - a scroll of enchant armour {unknown}
 i - a scroll of remove curse {unknown}
 k - a scroll of fog {unknown}
 m - 3 scrolls of teleportation {unknown}
 u - a scroll of fear {unknown}
 v - a scroll of blinking {unknown}
Potions
 d - a potion of heal wounds {unknown}
 f - a potion of flight {unknown}
 n - 2 potions of ambrosia
 o - a potion of resistance {unknown}
 r - a potion of invisibility {unknown}
 s - a potion of brilliance
 w - a potion of haste
 z - a potion of curing
Comestibles
 c - 2 rations


   Skills:
 + Level 4.2 Fighting
 * Level 4.1 Short Blades
 * Level 2.9 Armour
 * Level 4.1 Dodging
 + Level 3.4 Stealth


You had 5 spell levels left.
You didn't know any spells.
Your spell library was empty.

Dungeon Overview and Level Annotations

Branches:
Dungeon (4/15)
 Temple: D:4-7

Altars:
Fedhas
Makhleb
Uskayaw
The Shining One

Annotations:
D:4 Pikel


Innate Abilities, Weirdness & Mutations

Your body is rotting away.
You thrive on raw meat.
You are immune to poison.
You have sharp fingernails.
You are carnivorous and can eat meat at any time.
Your flesh is cold resistant. (rC+)
You are immune to negative energy. (rN+++)
You do not regenerate when monsters are visible.
You are immune to unholy pain and torment.
You can survive without breathing.


Message History

Pikel closely misses you.
You miss Pikel.
Pikel is heavily wounded.
A jackal comes into view.
Pikel hits you but does no damage.
You are electrocuted!!
* * * LOW HITPOINT WARNING * * *
You hit Pikel.
Pikel is severely wounded.
You miss the jackal. The jackal misses you. Pikel hits you but does no damage.
The jackal bites you but does no damage.
You closely miss Pikel.
Pikel is severely wounded.
Pikel hits you with a +1 whip of electrocution.
* * * LOW HITPOINT WARNING * * *
The jackal misses you.
You miss Pikel.
Pikel is severely wounded.
The jackal barely misses you. Pikel hits you but does no damage.
You are electrocuted!!
You die...

.## ##.#. #...
#..# ## #.. ..
#.# ###.###.####
##
#..pK@h....##...
....#l###...>...#
# #........####
...#####..#### #
# #.......# ...
#.#<.##.# ...
#.#.÷##.# ... #
#...#.# ...
#.#.#.#####...


You could see Pikel, a slave, a leopard gecko and a jackal.

Vanquished Creatures
  A slave (D:4)
  An ogre (D:4)
  A water moccasin skeleton (D:4)
  2 orc priests (D:3)
  Terence (D:2)
  2 orc wizards (D:3)
  4 gnolls (D:2)
  2 adders
  3 worms
  A dart slug (D:4)
  2 leopard geckos
  10 orcs (D:3)
  5 giant cockroaches
  8 goblins
  12 hobgoblins
  4 jackals (D:2)
  A quokka (D:3)
  A ball python (D:2)
  9 bats
  3 frilled lizards (D:1)
  6 kobolds
  5 rats
84 creatures vanquished.

Notes
Turn   | Place    | Note
-------+----------+-------------------------------------------
     0 | D:1      | Borgoz the Ghoul Monk began the quest for the Orb.
     0 | D:1      | Reached XP level 1. HP: 19/19 MP: 0/0
   246 | D:1      | Reached XP level 2. HP: 23/26 MP: 1/1
   907 | D:2      | Noticed Terence
   917 | D:2      | Killed Terence
   917 | D:2      | Reached skill level 1 in Armour
   917 | D:2      | Reached XP level 3. HP: 31/31 MP: 2/2
  1069 | D:2      | Found a blossoming altar of Fedhas.
  1076 | D:2      | Reached XP level 4. HP: 38/38 MP: 3/3
  1440 | D:2      | Found a hide-covered altar of Uskayaw.
  1443 | D:2      | Found a burning altar of Makhleb.
  1448 | D:2      | Found a glowing golden altar of the Shining One.
  1611 | D:2      | Reached XP level 5. HP: 28/46 MP: 4/4
  2214 | D:3      | Reached XP level 6. HP: 47/52 MP: 5/5
  2962 | D:4      | Noticed a slave
  2963 | D:4      | Noticed Pikel
  2963 | D:4      | Noticed a slave
  2964 | D:4      | Noticed a slave
  2981 | D:4      | Killed a slave
  2991 | D:4      | Mangled by Pikel

Skill      XL: |  1  2  3  4  5  6 |
---------------+-------------------+-----
Dodging        | 3 4 |  4.1
Short Blades   | 3 4 |  4.1
Armour         | 1 2 |  2.9
Stealth        | 3 |  3.4
Fighting       | 4 |  4.2

Action                   |  1- 3 |  4- 6 || total
-------------------------+-------+-------++-------
Melee: Short sword       |    30 |       ||    30
       Dagger            |    61 |   280 ||   341
  Use: Scroll            |       |     6 ||     6
 Stab: Sleeping          |     7 |     2 ||     9
  Eat: Chunk             |     5 |    19 ||    24
Armor: Leather armour    |    13 |       ||    13
       Ring mail         |    10 |    99 ||   109
Dodge: Dodged            |    42 |   177 ||   219
